 Dungeon Crawl Stone Soup version 0.30-a0-377-g5cb311bc9f (webtiles) character file.

Game seed: 15500571226217070844

5138 scionoferis the Grappler (level 10, -3/147 HPs)
             Began as a Troll Earth Elementalist on Nov 29, 2022.
             Was a Priest of Sif Muna.
             Slain by a wyvern (6 damage)
             ... on level 9 of the Dungeon.
             The game lasted 00:28:16 (7238 turns).

scionoferis the Grappler (Troll Earth Elementalist) Turns: 7238, Time: 00:28:18

Health: -3/147     AC: 21    Str: 18    XL:     10   Next: 33%
Magic:  15/15      EV:  1    Int: 15    God:    Sif Muna [***...]
Gold:   379        SH:  0    Dex: 10    Spells: 10/11 levels left

rFire   . . .      SeeInvis .      - Unarmed
rCold   . . .      Faith    .    (no shield)
rNeg    . . .      Spirit   .    (body armour currently unavailable)
rPois   +          Reflect  .    (helmet currently unavailable)
rElec   .          Harm     .    (cloak currently unavailable)
rCorr   .          Rampage  .    (gloves unavailable)
Will    +....      NoTele   +    (boots unavailable)
Stlth   +.........               K - amulet of the acrobat
HPRegen 1.24/turn                u - ring of poison resistance
MPRegen 0.14/turn                E - ring of willpower

@: tree-form, corroded
A: stationary, stasis, torment immunity, boosted hp, large, unfitting armour,
(claws 3), regeneration 1, (shaggy fur 1), (tough skin 1)
a: Renounce Religion, Channel Magic, Forget Spell


You were on level 9 of the Dungeon.
You worshipped Sif Muna.
Sif Muna was most pleased with you.
You were a tree.
You visited 2 branches of the dungeon, and saw 10 of its levels.
You also visited: Ossuary and Bailey.

You collected 469 gold pieces.
You spent 90 gold pieces at shops.

Inventory:

Hand Weapons
 b - a +0 hand crossbow
 D - the +5 sling of Tenacity {drain, rF+++ rN++ Str-4 Dex-4}
   (You found it on level 6 of the Dungeon)

   A truly terrible weapon, it drains the life of any living foe it strikes.
   Str:       It affects your strength (-4).
   Dex:       It affects your dexterity (-4).
   rF:        It renders you almost immune to fire.
   rN:        It greatly protects you from negative energy.
Missiles
 d - 74 stones
 h - 8 datura-tipped darts
 m - 11 curare-tipped darts (quivered)
 w - 18 poisoned darts
 x - 24 boomerangs
 N - 3 large rocks
Armour
 l - a +0 cloak (melded)
 r - a +0 robe of positive energy (melded)
 v - a scarf of invisibility
Magical Staves
 q - a staff of poison
 H - a staff of cold
Jewellery
 u - a ring of poison resistance (left branch)
 E - a ring of willpower (right branch)
 K - an amulet of the acrobat (around neck)
Wands
 s - a wand of iceblast (10)
 C - a wand of polymorph (6)
 M - a wand of mindburst (11)
Scrolls
 a - a scroll of torment
 f - 4 scrolls of teleportation
 n - 3 scrolls of fear
 o - 2 scrolls of blinking
 y - 2 scrolls of immolation
 z - 3 scrolls of enchant weapon
 A - 3 scrolls of amnesia
 B - a scroll of vulnerability
 F - 3 scrolls of summoning
 L - 2 scrolls of identify
Potions
 c - 7 potions of curing
 e - 5 potions of haste {unknown}
 g - 2 potions of mutation {unknown}
 i - 2 potions of berserk rage {unknown}
 j - 6 potions of lignification
 k - 2 potions of magic
 p - 8 potions of heal wounds {unknown}
 t - 2 potions of attraction {unknown}
 G - 3 potions of might {unknown}
 I - a potion of degeneration {unknown}
 J - a potion of resistance {unknown}


   Skills:
 + Level 5.7 Fighting
 + Level 1.7 Dodging
 - Level 1.0 Stealth
 * Level 10.0 Unarmed Combat
 - Level 1.2 Spellcasting
 - Level 0.6 Transmutations
 - Level 2.6 Earth Magic
 * Level 8.4 Invocations


You had 10 spell levels left.
You knew the following spells:

 Your Spells              Type           Power      Damage    Failure   Level
a - Sandblast             Erth           18%        2d7       8%          1

Your spell library contained the following spells:

 Spells                   Type           Power      Damage    Failure   Level
 Passwall                 Tmut/Erth      4%         N/A       19%         2
 Freeze                   Ice            0%         1d3       24%         1
 Summon Small Mammal      Summ           0%         N/A       24%         1
 Scorch                   Fire           0%         2d5       36%         2
 Stone Arrow              Conj/Erth      8%         3d7       38%         3
 Call Canine Familiar     Summ           0%         N/A       58%         3
 Frozen Ramparts          Ice            0%         1d1       58%         3
 Hailstorm                Conj/Ice       0%         3d3       58%         3
 Summon Guardian Golem    Hex/Summ       0%         N/A       58%         3
 Petrify                  Tmut/Erth      5%         N/A       77%         4
 Flame Wave               Conj/Fire      0%         2d4       94%         4
 Summon Cactus Giant      Summ           0%         N/A       100%        6


Dungeon Overview and Level Annotations

Branches:
Dungeon (9/15)             Temple (1/1) D:4         Ossuary (visited)
 Bailey (visited)
   Lair: D:8-11         Orc: D:9-12

Altars:
Ashenzari
Cheibriados
Dithmenos
Elyvilon
Fedhas
Gozag
Hepliaklqana
Kikubaaqudgha
Makhleb
Nemelex Xobeh
Okawaru
Qazlal
Ru
Sif Muna
Trog
Uskayaw
Vehumet
Wu Jian
Xom
Yredelemnul
Zin

Shops:
D:6 *   D:9 *

Annotations:
D:5 3 runed translucent doors, qeuew's ghost, novice FoFi
D:9 Erolcha


Innate Abilities, Weirdness & Mutations

You are a tree.
Your roots penetrate the ground, keeping you stationary.
You cannot be teleported.
You are immune to unholy pain and torment.
Your maximum health is greatly increased.
Your equipment is partially melded.
You are too large for most types of armour.
((You have claws for hands.))
Your natural rate of healing is unusually fast.
((You are covered in fur. (AC +1)))
((You have tough skin. (AC +1)))


Message History

The acid dragon is severely wounded.
You closely miss the acid dragon.
The acid dragon is severely wounded.
The acid dragon closely misses you. The acid dragon barely misses you.
You scratch the acid dragon but do no damage.
The acid dragon is severely wounded.
The acid dragon bites you. The acid dragon misses you.
You closely miss the acid dragon.
The acid dragon is severely wounded.
The acid dragon bites you. The acid dragon barely misses you.
You claw the acid dragon!
You kill the acid dragon!
Sif Muna accepts your kill.
You can now freely open your mind to new spells.
The acid dragon scales are intact enough to wear.
The wyvern completely misses you.
You scratch the wyvern.
The wyvern is lightly wounded.
The wyvern bites you!!
* * * LOW HITPOINT WARNING * * *
You closely miss the wyvern.
The wyvern is lightly wounded.
The wyvern bites you!
* * * LOW HITPOINT WARNING * * *
You claw the wyvern! Your claw misses the wyvern.
The wyvern is severely wounded.
The wyvern bites you.
* * * LOW HITPOINT WARNING * * *
Okay, then.
Unknown command.
Really quaff the potion of lignification? [Y]es or [N]o only, please.
Really quaff the potion of lignification?
You turn into a tree.
Your +0 cloak melds into your body.
Your +0 robe of positive energy melds into your body.
You feel less protected from negative energy.
Your roots penetrate the ground.
The wyvern bites you!
* * * LOW HITPOINT WARNING * * *
The wyvern bites you.
You die...

######
#....#
#....#
#....#
#<...#
#♣...+
#l[..#
#....#
#....#
#.!..#
#....#
#.....
#........
.......
#.......


You could see a wyvern.

Vanquished Creatures
  A two-headed ogre (D:8)
  Pikel (D:4)
  A wyvern (D:7)
  An acid dragon (D:9)
  An ice beast (D:5)
  4 orc warriors (Bailey)
  A black bear (D:6)
  An ogre (D:6)
  2 centaurs (D:8)
  A phantom (D:7)
  6 kobold brigands
  A lemure (D:4)
  5 bullfrogs
  13 scorpions
  4 wights (D:7)
  8 killer bees
  A howler monkey (D:5)
  3 centaur zombies (Ossuary)
  2 hounds (D:5)
  5 jellies
  3 human zombies (Ossuary)
  An orc priest (D:7)
  2 scorpion zombies (Ossuary)
  6 iguanas
  An orc wizard (D:7)
  3 mummies (Ossuary)
  3 gnolls (D:5)
  7 adders
  2 shadow imps
  3 white imps
  An ufetubus (D:6)
  A worm (D:2)
  3 dart slugs
  7 orcs
  8 endoplasms
  A giant cockroach (D:1)
  6 hobgoblins
  4 jackals (D:1)
  14 kobolds
  4 quokkas
  4 ball pythons
  4 bats
  6 frilled lizards
  A gnoll zombie (Ossuary)
  3 goblins
  A goblin zombie (Ossuary)
  5 hobgoblin zombies (Ossuary)
  2 kobold zombies (Ossuary)
  3 orc zombies (Ossuary)
  6 rats
177 creatures vanquished.

Notes
Turn   | Place    | Note
-------+----------+-------------------------------------------
     0 | D:1      | scionoferis the Troll Earth Elementalist began the quest
                  | for the Orb.
     0 | D:1      | Reached XP level 1. HP: 16/16 MP: 1/1
    38 | D:1      | Reached skill level 1 in Unarmed Combat
   304 | D:1      | Reached XP level 2. HP: 26/26 MP: 2/2
   713 | D:1      | Reached skill level 2 in Unarmed Combat
   752 | D:1      | Reached skill level 1 in Fighting
   949 | D:2      | Reached XP level 3. HP: 33/33 MP: 3/3
  1217 | D:2      | Found a faded altar of an unknown god.
  1217 | D:2      | Noticed a balrug
  1359 | D:3      | Reached skill level 3 in Unarmed Combat
  1359 | D:3      | Reached XP level 4. HP: 26/41 MP: 4/4
  2077 | D:4      | Found a staircase to the Ecumenical Temple.
  2088 | Temple   | Entered the Ecumenical Temple
  2335 | Temple   | Became a worshipper of Sif Muna the Loreminder
  2392 | D:4      | Noticed a lemure
  2398 | D:4      | Noticed a lemure
  2425 | D:4      | Killed a lemure
  2458 | D:4      | Noticed a lemure
  2459 | D:4      | Noticed Pikel
  2459 | D:4      | Noticed a lemure
  2496 | D:4      | Killed Pikel
  2497 | D:4      | Reached skill level 5 in Unarmed Combat
  2497 | D:4      | Reached XP level 5. HP: 33/52 MP: 4/6
  2497 | D:4      | Reached XP level 6. HP: 37/59 MP: 4/7
  2497 | D:4      | Reached XP level 7. HP: 42/66 MP: 4/8
  3222 | D:5      | Entered Level 5 of the Dungeon
  3565 | D:5      | Found a runed translucent gate.
  3565 | D:5      | Found a runed translucent gate.
  3565 | D:5      | Found a runed translucent gate.
  3586 | D:5      | Reached skill level 6 in Unarmed Combat
  3617 | D:5      | Noticed qeuew's ghost (novice FoFi)
  3774 | D:5      | Reached XP level 8. HP: 75/75 MP: 10/10
  4253 | D:6      | Found a hazy altar of Hepliaklqana.
  4370 | D:6      | Reached skill level 5 in Invocations
  4425 | D:6      | Found Lonu's Assorted Antiques.
  4436 | D:6      | Reached skill level 7 in Unarmed Combat
  4467 | D:6      | Bought a scroll labelled LAIWKU NAUWK for 30 gold pieces
  4467 | D:6      | Bought a scroll labelled FUSIZ PUNINAOS for 30 gold pieces
  4467 | D:6      | Bought a scroll labelled DOGUXTO ZUAGA for 30 gold pieces
  4476 | D:6      | Found a glowing silver altar of Zin.
  4606 | D:6      | Found an ancient bone altar of Kikubaaqudgha.
  4621 | D:6      | Identified the +5 sling of Tenacity {drain, rF+++ rN++
                  | Str-4 Dex-4}
  4832 | D:7      | Reached * piety under Sif Muna
  5002 | D:7      | Reached XP level 9. HP: 75/85 MP: 12/12
  5035 | D:7      | Found a sand-covered staircase.
  5041 | Ossuary  | Entered an ossuary
  5104 | Ossuary  | Reached skill level 8 in Unarmed Combat
  5357 | Ossuary  | Reached ** piety under Sif Muna
  5746 | D:7      | Reached skill level 5 in Fighting
  6121 | D:8      | Reached skill level 9 in Unarmed Combat
  6262 | D:8      | Found a flagged portal.
  6266 | D:8      | Noticed a two-headed ogre
  6281 | D:8      | Killed a two-headed ogre
  6282 | D:8      | Reached XP level 10. HP: 96/96 MP: 14/14
  6303 | Bailey   | Entered a bailey
  6520 | Bailey   | Found an iron altar of Okawaru.
  6970 | D:9      | Found Foul's Neck Hole.
  7132 | D:9      | Reached skill level 10 in Unarmed Combat
  7178 | D:9      | Noticed Erolcha
  7234 | D:9      | Reached *** piety under Sif Muna
  7238 | D:9      | HP: 3/147 [wyvern (10)]
  7238 | D:9      | Slain by a wyvern

Illustrated notes

Levels and vault maps discovered:
D:1:      spicycebolla_green_bress_n_ham, layout_basic
D:2:      layout_rooms, dreamdust_ecumenical_altar_sealed_demon
D:3:      layout_loops_ring, minivault_19
D:4:      layout_loops_corners, minmay_temple_entry_ruins, uniq_pikel
D:5:      layout_loops_ring, ebering_ghost_rock_garden, minmay_liquid_box,
          amcnicky_mini_rare_corridor_liquid, kennysheep_generic_room_9
D:6:      layout_rooms, mainiacjoe_overflow_surrounded_room,
          lemuel_crystal_altar, kiku_gazebo_pond_becter, serial_shops,
          nicolae_stop_n_shop_1, minivault_22
D:7:      layout_loops_ring, enter_ossuary_2
D:8:      layout_rooms, enter_bailey_2
D:9:      layout_gridville, lair_entry_dummy, serial_shops, shop,
          nicolae_shop_sticking_my_neck_out, uniq_erolcha
Temple:   dpeg_five_rooms_temple

Skill      XL: |  1  2  3  4  5  6  7  8  9 10 |
---------------+-------------------------------+-----
Unarmed Combat | 1 2 3 5 6 7 9 10 | 10.0
Fighting       | 1 2 3 4 5 |  5.7
Invocations    | 3 4 6 7 8 |  8.4
Dodging        | |  1.7
Stealth        | |  1.0
Spellcasting   | |  1.2
Transmutations | |  0.6
Earth Magic    | |  2.6

Action                   |  1- 3 |  4- 6 |  7- 9 | 10-12 || total
-------------------------+-------+-------+-------+-------++-------
Melee: Unarmed           |   102 |    46 |   233 |    53 ||   434
       Punch             |     2 |       |    16 |     4 ||    22
 Fire: Hand crossbow     |    36 |    33 |   131 |    34 ||   234
Throw: Dart              |       |       |     4 |     4 ||     8
Evoke: Wand              |       |       |       |     5 ||     5
  Use: Potion            |       |     1 |       |     1 ||     2
       Scroll            |       |       |    11 |       ||    11
 Stab: Sleeping          |     2 |       |     1 |       ||     3
Armor: Robe              |    48 |     7 |    63 |    25 ||   143
       Skin              |       |     7 |       |       ||     7
Dodge: Dodged            |    46 |    12 |    99 |    44 ||   201

Table legend: (Time is in decaauts)
 A = Elapsed time spent in this place.
 B = Non-inter-level travel time spent in this place.
 C = Inter-level travel time spent in this place.
 D = Time resting spent in this place.
 E = Time spent auto-exploring this place.
 F = Levels seen in this place.
 G = Mean time per level.
                   A        B        C        D        E       F      G
               +--------+--------+--------+--------+--------+-----+--------+
         Total |   7338 |   6895 |    443 |    380 |   4318 |  12 |  611.5 |
       Dungeon |   6216 |   5859 |    357 |    255 |   3975 |   9 |  690.7 |
        Temple |    299 |    213 |     86 |      0 |    201 |   1 |  299.0 |
       Ossuary |    509 |    509 |      0 |     68 |     80 |   1 |  509.0 |
        Bailey |    312 |    312 |      0 |     57 |     62 |   1 |  312.0 |
               +--------+--------+--------+--------+--------+-----+--------+

Top non-repeatable levels by time:
     D:5: 1110 daAuts
     D:4: 980 daAuts
     D:1: 847 daAuts
     D:7: 761 daAuts
     D:3: 698 daAuts
     D:8: 621 daAuts
     D:6: 612 daAuts
 Ossuary: 509 daAuts
     D:2: 430 daAuts
  Bailey: 312 daAuts
  Temple: 299 daAuts
     D:9: 155 daAuts
